 Dungeon Crawl Stone Soup version 0.15.2 (webtiles) character file.

444 4tharraofdagon the Cudgeler (level 7, 0/45 HPs)
             Began as a Halfling Death Knight on Dec 28, 2014.
             Was a Priest of Yredelemnul.
             Slain by Sigmund
             ... wielding a +0 scythe of flaming
              (1 damage)
             ... on Level 5 of the Dungeon.
             The game lasted 00:15:43 (1778 turns).

4tharraofdagon the Cudgeler (Halfling Death Knight) Turns: 1778, Time: 00:15:43

HP   0/45        AC  7     Str 14      XL: 7   Next: 23%
MP  11/11        EV 10     Int 11      God: Yredelemnul [***...]
Gold 140         SH  0     Dex 14      Spells:  0 memorised,  6 levels left

rFire  . . .     SeeInvis .     p - +0 dagger (venom)
rCold  . . .     Clarity  .     d - +0 scale mail
rNeg   . . .     rCorr    .     (no shield)
rPois  .         rRot     .     (no helmet)
rElec  .         Spirit   .     (no cloak)
SustAb .         Warding  .     (no gloves)
rMut   .         Stasis   .     f - +0 pair of boots
Gourm  .                        (no amulet)
MR     .....                    (no ring)
                                m - ring of wizardry

@: confused, not resistant to hostile enchantments, extremely unstealthy
A: mutation resistance 1, placid magic 1
a: Animate Dead, Recall Undead Slaves, Injury Mirror, Renounce Religion


You were on level 5 of the Dungeon.
You worshipped Yredelemnul.
Yredelemnul was most pleased with you.
You were not hungry.

You visited 1 branch of the dungeon, and saw 5 of its levels.

You collected 140 gold pieces.

Inventory:

Hand weapons
 a - a +1 spear
 e - a +0 blowgun
 o - a +2 flail of protection
 p - a +0 dagger of venom (weapon)
 r - a +0 dagger
Armour
 b - a +0 leather armour
 d - a +0 scale mail (worn)
 f - a +0 pair of boots (worn)
Comestibles
 c - 3 bread rations
 i - a meat ration
 l - 4 fruits
Scrolls
 h - a scroll of fear {unknown}
 j - a scroll of remove curse
 n - a scroll of enchant weapon {unknown}
 q - a scroll of identify
 s - a scroll of enchant armour {unknown}
 t - 2 scrolls of amnesia
 u - 2 scrolls of magic mapping {unknown}
 v - a scroll of random uselessness {unknown}
Jewellery
 k - an uncursed ring of teleportation
 m - a ring of wizardry (left hand)


   Skills:
 - Level 2.2 Fighting
 * Level 4.1 Maces & Flails
 - Level 1.6 Polearms
 - Level 2.1 Armour
 + Level 4.0 Dodging
 - Level 3.1 Invocations


You had 6 spell levels left.
You didn't know any spells.

Dungeon Overview and Level Annotations

Branches:
Dungeon (5/15)
 Temple: D:4-7

Altars:
Ashenzari
Makhleb
Okawaru
Qazlal
Xom

Annotations:
D:5 Sigmund


Innate Abilities, Weirdness & Mutations

You are small and have problems with some larger weapons.
You are somewhat resistant to further mutation.
Your spells are a little easier to cast, but a little less powerful.


Message History

Unknown command.
Are you sure you want to stumble around while confused and next to your scorpion zombie?
You hear some strange, mumbled words.
The puff of flame hits you!
Are you sure you want to stumble around while confused and next to your scorpion zombie?
Ouch! Something hits you!
* * * LOW HITPOINT WARNING * * *
Something burns you.
* * * LOW HITPOINT WARNING * * *
You aren't carrying any potions.
Unknown command.
You're too confused!
Are you sure you want to stumble around while confused and next to your scorpion zombie?
Okay, then.
Are you sure you want to stumble around while confused and next to your scorpion zombie?
Something hits you!
* * * LOW HITPOINT WARNING * * *
Something burns you.
You die...
Your body rises from the dead as a mindless zombie.

.##............)..#
>##...............#
..............##..
.##....##.....##+###
.####'####+#####.(.
.......+..........# +##
.#...).#..........##..##
##.....##.....##..((.....
##....####'####@........
#.....#......##..##.###$
#.....#......###Z##+####
#.....'........(.........
#.....#(................
##....##.....##.........
#############..........
#......##. ########


You could see a friendly scorpion zombie.

Vanquished Creatures
  Blork the orc (D:4)
  2 scorpions
  An orc wizard (D:4)
  An iguana (D:5)
  A worker ant (D:4)
  Jessica (D:3)
  4 adders
  3 gnolls (D:5)
  2 worms
  2 giant geckos
  An ooze (D:1)
  4 orcs
  A ball python (D:3)
  9 bats
  7 giant cockroaches
  2 hobgoblins
  4 jackals (D:2)
  2 giant newts
  8 goblins
  7 kobolds
  A quokka (D:3)
  6 rats
70 creatures vanquished.

Vanquished Creatures (collateral kills)
  A scorpion (D:5)
  2 orcs
  A kobold (D:5)
4 creatures vanquished.

Vanquished Creatures (others)
  A scorpion zombie (D:5)
  An orc (D:4)
2 creatures vanquished.

Grand Total: 76 creatures vanquished

Notes
Turn   | Place    | Note
--------------------------------------------------------------
     0 | D:1      | 4tharraofdagon, the Halfling Death Knight, began the quest for the Orb.
     0 | D:1      | Reached XP level 1. HP: 14/14 MP: 2/2
    74 | D:1      | Reached XP level 2. HP: 16/19 MP: 3/3
   202 | D:2      | Reached XP level 3. HP: 20/24 MP: 5/5
   371 | D:2      | Acquired Yredelemnul's second power
   474 | D:2      | Found a shimmering altar of Xom.
   474 | D:2      | Found a burning altar of Makhleb.
   660 | D:3      | Gained mutation: Your spells are a little easier to cast, but a little less powerful. [potion of mutation]
   708 | D:3      | Reached XP level 4. HP: 27/29 MP: 6/6
  1001 | D:3      | Reached skill level 1 in Maces & Flails
  1093 | D:4      | Noticed Blork the orc
  1101 | D:4      | Killed Blork the orc
  1101 | D:4      | Reached XP level 5. HP: 34/34 MP: 8/8
  1135 | D:3      | Noticed Jessica
  1155 | D:3      | Killed Jessica
  1227 | D:4      | Noticed a phantom
  1319 | D:4      | Reached XP level 6. HP: 18/39 MP: 9/9
  1354 | D:4      | Found a shattered altar of Ashenzari.
  1364 | D:4      | Found a stormy altar of Qazlal.
  1365 | D:4      | Found an iron altar of Okawaru.
  1472 | D:5      | Entered Level 5 of the Dungeon
  1502 | D:5      | Acquired Yredelemnul's third power
  1681 | D:5      | Reached XP level 7. HP: 33/45 MP: 11/11
  1737 | D:5      | Reached skill level 4 in Maces & Flails
  1745 | D:5      | Noticed Sigmund
  1778 | D:5      | HP: 1/45 [something (7)]
  1778 | D:5      | Slain by Sigmund

Action                   |  1- 3 |  4- 6 |  7- 9 || total
-------------------------+-------+-------+-------++-------
Melee: Spear             |   100 |     4 |       ||   104
       Flail             |     5 |   122 |     9 ||   136
       Dagger            |     4 |       |     4 ||     8
       Blowgun           |       |       |     1 ||     1
 Fire: Blowgun           |       |     4 |     6 ||    10
Invok: Animate Remains   |     1 |     3 |       ||     4
       Injury Mirror     |       |     2 |       ||     2
       Animate Dead      |       |       |     2 ||     2
  Use: Potion            |     3 |     2 |       ||     5
       Scroll            |     3 |     4 |       ||     7
  Eat: Chunk             |       |     3 |     2 ||     5
